 Dungeon Sprint DCSS version 0.26-a0-683-g5206c1d7ac (webtiles) character file.

Game seed: 15409701532519664997

25 TerrariaFan the Gusty (level 3, -11/19 HPs)
             Began as a Tengu Air Elementalist on Oct 23, 2020.
             Was a Priest of Cheibriados.
             Mangled by an ogre
             ... wielding a cursed -1 giant spiked club
              (28 damage)
             ... in the Dungeon (Sprint VII: "The Pits").
             The game lasted 00:02:00 (612 turns).

TerrariaFan the Gusty (Tengu Air Elementalist)       Turns: 612, Time: 00:02:01

Health: -11/19     AC:  2    Str: 16    XL:     3   Next: 4%
Magic:  4/8        EV: 14    Int: 24    God:    Cheibriados [***...]
Gold:   0          SH:  0    Dex: 22    Spells: 6/7 levels left

rFire    . . .     SeeInvis .   k - +2 quarterstaff
rCold    . . .     Faith    .   (shield currently unavailable)
rNeg     . . .     Spirit   .   a - +0 robe
rPois    .         Reflect  .   (helmet restricted)
rElec    .         Harm     .   (no cloak)
rCorr    .         Rampage  .   (no gloves)
MR       .....     NoTele   +   (boots unavailable)
Stlth    +++.......             (no amulet)
HPRegen  0.06/turn              (no ring)
MPRegen  0.11/turn              (no ring)

@: very slow
A: beak, talons 3
a: Bend Time, Temporal Distortion, Renounce Religion


You were in the Dungeon.
You worshipped Cheibriados.
Cheibriados was most pleased with you.
You visited 1 branch

Inventory:

Hand Weapons
 k - a +2 quarterstaff (weapon)
Armour
 a - a +0 robe (worn)
Scrolls
 c - 3 scrolls of remove curse
 h - a scroll of blinking
 i - 5 scrolls of amnesia
 j - a scroll of summoning
Potions
 b - 2 potions of invisibility
 e - a potion of haste
 f - 3 potions of magic
 g - 3 potions of berserk rage


   Skills:
 + Level 3.4 Dodging
 + Level 2.6 Stealth
 + Level 2.9 Spellcasting
 + Level 2.4 Conjurations
 + Level 6.4 Air Magic


You had 6 spell levels left.
You knew the following spells:

 Your Spells              Type           Power        Failure   Level
a - Shock                 Conj/Air       ####         1%          1

Your spell library contained the following spells:

 Spells                   Type           Power        Failure   Level
 Swiftness                Air            ####....     1%          2
 Static Discharge         Conj/Air       ####....     5%          3
 Airstrike                Air            ####......   8%          4
 Lightning Bolt           Conj/Air       ####......   43%         5


Dungeon Overview and Level Annotations

Branches:
Dungeon (1/1)

Altars:
Ashenzari
Cheibriados
Dithmenos
Elyvilon
Fedhas
Gozag
Hepliaklqana
Kikubaaqudgha
Makhleb
Nemelex Xobeh
Okawaru
Qazlal
Ru
Sif Muna
Trog
Uskayaw
Vehumet
Wu Jian
Xom
Yredelemnul
Zin
The Shining One
Beogh
Jiyva
Lugonu


Innate Abilities, Weirdness & Mutations

You have a beak for a mouth.
You have claws for feet.


Message History

The ogre is moderately wounded.
The ogre closely misses you.
Unknown command.
Casting: Shock (safe; 1% risk of failure)
Confirm with . or Enter, or press ? or * to list all spells.
Aiming: Shock (safe; 1% risk of failure)
Press: ? - help, Shift-Dir - straight line, f/p - ogre
Aim: an ogre, wielding a -1 giant spiked club (moderately wounded)
The zap hits the ogre.
The ogre is moderately wounded.
Casting: Shock (safe; 1% risk of failure)
Confirm with . or Enter, or press ? or * to list all spells.
Aiming: Shock (safe; 1% risk of failure)
Press: ? - help, Shift-Dir - straight line, f/p - ogre
Aim: an ogre, wielding a -1 giant spiked club (moderately wounded)
The zap hits the ogre!
The ogre is severely wounded.
The ogre hits you with a cursed -1 giant spiked club!!
Ouch! That really hurt!
You die...

#_________.# #_________.#
#_______...###########++#
##########'##........)...
#.?(.')))'.##......#..#..
##########.##............
#...........'............
#+#####'#####......#..#..
#..@Ob##............
#####'#####'#####++#
#.....##.......#
#.....##.......#
###)####.......#
#.....##...<...#
..O.....##.......#
#........##.......#
###########.......#


You could see an ogre and a bat.

Vanquished Creatures
  A gnoll (D)
  An ufetubus (D)
  An adder skeleton (D)
  A giant cockroach (D)
  A hobgoblin (D)
  2 jackals (D)
  A frilled lizard (D)
8 creatures vanquished.

Notes
Turn   | Place    | Note
-------+----------+-------------------------------------------
     0 | D        | TerrariaFan the Tengu Air Elementalist began the quest for
                  | the Orb.
     0 | D        | Reached XP level 1. HP: 10/10 MP: 4/4
    52 | D        | Reached skill level 5 in Air Magic
    52 | D        | Reached XP level 2. HP: 12/15 MP: 0/6
   172 | D        | Found a bloodstained altar of Trog.
   172 | D        | Found a shimmering blue altar of Sif Muna.
   172 | D        | Found a viscous altar of Jiyva.
   172 | D        | Found a hazy altar of Hepliaklqana.
   172 | D        | Found an opulent altar of Gozag.
   173 | D        | Found a glowing golden altar of the Shining One.
   173 | D        | Found a glowing silver altar of Zin.
   173 | D        | Found a basalt altar of Yredelemnul.
   173 | D        | Found a shimmering altar of Xom.
   173 | D        | Found an ornate altar of the Wu Jian Council.
   173 | D        | Found a sacrificial altar of Ru.
   173 | D        | Found a stormy altar of Qazlal.
   173 | D        | Found an iron altar of Okawaru.
   173 | D        | Found a sparkling altar of Nemelex Xobeh.
   173 | D        | Found a burning altar of Makhleb.
   173 | D        | Found a blossoming altar of Fedhas.
   173 | D        | Found a white marble altar of Elyvilon.
   173 | D        | Found a shadowy altar of Dithmenos.
   173 | D        | Found a snail-covered altar of Cheibriados.
   177 | D        | Found a roughly hewn altar of Beogh.
   177 | D        | Found a corrupted altar of Lugonu.
   177 | D        | Found a radiant altar of Vehumet.
   178 | D        | Found a broken altar of Ashenzari.
   178 | D        | Found an ancient bone altar of Kikubaaqudgha.
   178 | D        | Found a hide-covered altar of Uskayaw.
   188 | D        | Became a worshipper of Cheibriados the Contemplative
   210 | D        | Reached skill level 6 in Air Magic
   213 | D        | Reached * piety under Cheibriados
   432 | D        | Reached ** piety under Cheibriados
   593 | D        | Noticed an ogre
   600 | D        | Reached *** piety under Cheibriados
   600 | D        | Reached XP level 3. HP: 19/19 MP: 0/8
   612 | D        | Mangled by an ogre

Illustrated notes

Levels and vault maps discovered:
D:        pitsprint [storerooms_1, entrance_room_1, metal_vault_6, armoury_1,
          mini_pit_1, grid_room_1, main_hall_1, silver_pit, the_coven_3,
          the_vestibule_1, steel_vault_4, golden_pit, hallway_of_sentries,
          crystal_vault_2, iron_vault_5, final_vault]

Skill      XL: |  1  2 |
---------------+-------+-----
Air Magic      | 5 6 |  6.4
Dodging        | 3 |  3.4
Conjurations   | 2 |  2.4
Stealth        | |  2.6
Spellcasting   | |  2.9

Action                   || total
-------------------------++-------
Melee: Quarterstaff      ||     4
       Kick              ||     1
 Cast: Shock             ||    26
  Use: Potion            ||     3
Armor: Robe              ||     2
Dodge: Dodged            ||    30

Table legend: (Time is in decaauts)
 A = Elapsed time spent in this place.
 B = Non-inter-level travel time spent in this place.
 C = Inter-level travel time spent in this place.
 D = Time resting spent in this place.
 E = Time spent auto-exploring this place.
 F = Levels seen in this place.
 G = Mean time per level.
                   A        B        C        D        E       F      G
               +--------+--------+--------+--------+--------+-----+--------+
         Total |    625 |    625 |      0 |    442 |      0 |   1 |  625.0 |
       Dungeon |    625 |    625 |      0 |    442 |      0 |   1 |  625.0 |
               +--------+--------+--------+--------+--------+-----+--------+

Top non-repeatable levels by time:
       D: 625 daAuts
